 Dungeon Crawl Stone Soup version 0.31-a0-543-geaa9c7a2c0 (webtiles) character file.

Game seed: 5408452965016471345

69 Ethylacetat the Ducker (level 4, -1/31 HPs)
             Began as an Octopode Gladiator on Aug 15, 2023.
             Slain by a goblin
             ... wielding a +0 club
             ... led by Robin
              (7 damage)
             ... on level 2 of the Dungeon.
             The game lasted 00:02:06 (922 turns).

Ethylacetat the Ducker (Octopode Gladiator)          Turns: 922, Time: 00:02:07

Health: -1/31      AC:  1    Str: 13    XL:     4   Next: 20%
Magic:  4/4        EV: 14    Int: 10    God:
Gold:   20         SH:  0    Dex: 15    Spells: 3/3 levels left

rFire   . .          .
                       - Unarmed
rCold   . . .        (no shield)
rNeg    . . .        a - +0 hat
rPois   .            (no amulet)
rElec   .            (no ring)
rCorr   .            (no ring)
SInv    .            (no ring)
Will    .....        (no ring)
Stlth   ++           (no ring)
HPRegen 0.25/turn    (no ring)
MPRegen 0.09/turn    (no ring)
                     (no ring)

%: no passive effects
@: no status effects
A: almost no armour, amphibious, 8 rings, camouflage 1, gelatinous body 1,
(nimble swimmer 1), tentacles
a: no special abilities


You were on level 2 of the Dungeon.
You visited 1 branch of the dungeon, and saw 2 of its levels.

You collected 20 gold pieces.

Inventory:

Missiles
 b - 4 throwing nets (quivered)
 c - a javelin
 l - 3 curare-tipped darts
Armour
 a - a +0 hat (worn)
Wands
 m - a wand of flame (17)
Scrolls
 d - a scroll of fog {unknown}
 e - a scroll of blinking {unknown}
 f - a scroll of amnesia {unknown}
 h - a scroll of identify {unknown}
 j - a scroll of enchant armour {unknown}
 k - a scroll of teleportation {unknown}
 n - a scroll of poison {unknown}
Potions
 g - a potion of berserk rage {unknown}
 i - 2 potions of heal wounds {unknown}


   Skills:
 + Level 3.0 Fighting
 - Level 2.0 Throwing
 + Level 3.7 Dodging
 + Level 3.7 Unarmed Combat


You had 3 spell levels left.
You didn't know any spells.
Your spell library was empty.

Dungeon Overview and Level Annotations

Branches:
Dungeon (2/15)

Altars:


Innate Abilities, Weirdness & Mutations

You cannot wear most types of armour.
You are amphibious.
You can wear up to eight rings at the same time.
Your skin changes colour to match your surroundings (Stealth+).
Your rubbery body absorbs attacks. (AC +1, EV +1)
((You are camouflaged when in or above water. (Stealth+)))
You have tentacles for arms and can constrict up to eight enemies at once.


Message History

The sling bullet completely misses you.
You tentacle-slap the goblin but do no damage.
You grab the goblin. You constrict the goblin. You tentacle-slap the goblin.
You squeeze the goblin.
You kill the goblin!
Okay, then.
You tentacle-slap the goblin.
You kill the goblin!
You have reached level 4!
You barely miss the goblin. You grab the goblin. You constrict the goblin.
The goblin closely misses you.
You bludgeon the goblin!
You kill the goblin!
Robin's bangles clink loudly.
Robin throws the goblin at you! The goblin hits you but does no damage.
You completely miss the goblin. Your grab misses the goblin.
Your squeeze misses the goblin. The goblin hits you with a +0 club.
You tentacle-slap Robin but do no damage.
You grab Robin. You constrict Robin.
Robin roars a battlecry!
The goblin goes into a battle-frenzy!
The goblin hits you but does no damage.
You tentacle-slap Robin.
Robin is lightly wounded.
You constrict Robin, but do no damage. Robin closely misses you.
A goblin comes into view. It is wielding a +0 club.
The goblin hits you with a +0 club.
* * * LOW HITPOINT WARNING * * *
You tentacle-slap Robin. You squeeze Robin!
Robin is severely wounded.
You constrict Robin. The goblin closely misses you.
You bludgeon Robin!
You kill Robin!
The goblin hits you but does no damage.
Your Fighting skill increases to level 3!
You barely miss the goblin. Your grab misses the goblin.
The goblin hits you with a +0 club.
* * * LOW HITPOINT WARNING * * *
The goblin hits you with a +0 club!
You die...

..... .... ... .. ### ##.#
##.. #..# #.. ####
######.## #.# #######...
#.......#####.####.......##
#........g@g)......#######
#...†...####).######
#.......###..## #
#.......##g.## #
#####.####)## ### # #.#
#g.# ...# # ..# #.###.....
# #.## #.......$. # #.
##...?....# #


You could see 2 goblins.

Vanquished Creatures
  Robin (D:2)
  An adder (D:2)
  2 worms (D:2)
  2 ball pythons
  4 endoplasms
  3 giant cockroaches (D:1)
  8 goblins
  5 hobgoblins
  A quokka (D:1)
  6 bats
  A frilled lizard (D:1)
  4 kobolds (D:1)
  A rat (D:1)
39 creatures vanquished.

Notes
Turn   | Place    | Note
-------+----------+-------------------------------------------
     0 | D:1      | Ethylacetat the Octopode Gladiator began the quest for the
                  | Orb.
     0 | D:1      | Reached XP level 1. HP: 14/14 MP: 1/1
    45 | D:1      | Reached XP level 2. HP: 14/19 MP: 2/2
   423 | D:1      | Reached XP level 3. HP: 20/25 MP: 3/3
   891 | D:2      | Noticed Robin
   914 | D:2      | Reached XP level 4. HP: 13/30 MP: 4/4
   921 | D:2      | Killed Robin
   922 | D:2      | Slain by a goblin

Illustrated notes

Levels and vault maps discovered:
D:1:      denvon_arrival_waterhouse, layout_rooms
D:2:      layout_rooms, uniq_robin

Skill      XL: |  1  2  3  4 |
---------------+-------------+-----
Fighting       | 3 |  3.0
Throwing       | |  2.0
Dodging        | |  3.7
Unarmed Combat | |  3.7

Action                     |  1- 3 |  4- 6 || total
---------------------------+-------+-------++-------
  Melee: Unarmed           |    81 |     8 ||    89
         Constrict         |    22 |     2 ||    24
         Tentacles         |    17 |     1 ||    18
         Punch             |     3 |       ||     3
   Stab: Sleeping          |     4 |       ||     4
 Armour: Skin              |     7 |     3 ||    10
  Dodge: Dodged            |    38 |     3 ||    41

Table legend: (Time is in decaauts)
 A = Elapsed time spent in this place.
 B = Non-inter-level travel time spent in this place.
 C = Inter-level travel time spent in this place.
 D = Time resting spent in this place.
 E = Time spent auto-exploring this place.
 F = Levels seen in this place.
 G = Mean time per level.
                   A        B        C        D        E       F      G
               +--------+--------+--------+--------+--------+-----+--------+
         Total |    916 |    891 |     25 |      0 |    675 |   2 |  458.0 |
       Dungeon |    916 |    891 |     25 |      0 |    675 |   2 |  458.0 |
               +--------+--------+--------+--------+--------+-----+--------+

Top non-repeatable levels by time:
     D:1: 615 daAuts
     D:2: 301 daAuts
